 Dungeon Crawl Stone Soup version 0.19.0-11-g3fc08b3 (console) character file.

578364 Kloppie the Conqueror (level 25, -50/234 HPs)
             Began as a Demonspawn Berserker on Nov 8, 2016.
             Was the Champion of Trog.
             Killed from afar by an ancient lich (59 damage)
             ... with a crystal spear
             ... on level 1 of the Realm of Zot on Nov 9, 2016.
             The game lasted 01:50:47 (48535 turns).

Kloppie the Conqueror (Demonspawn Berserker)       Turns: 48535, Time: 01:50:48

Health: -50/234    AC: 38    Str: 27    XL:     25   Next: 29%
Magic:  0/31       EV: 20    Int: 12    God:    Trog [******]
Gold:   3155       SH:  0    Dex: 22    Spells: 0 memorised, 24 levels left

rFire  + + +     SeeInvis +     a - +8 great mace "Cergh" {vamp, rElec rN+}
rCold  + + +     Gourm    .     Z - +9 gold dragon scales
rNeg   + . .     Faith    .     (shield currently unavailable)
rPois  +         Spirit   +     (helmet unavailable)
rElec  +         Reflect  .     o - +0 cloak {rC+}
rCorr  .         Harm     .     f - +2 pair of gloves of the Dolphin {*Contam rElec rF+ Str+7}
MR     +++++                    q - +1 pair of boots {Stlth+}
Stlth  ..........               K - amulet of guardian spirit
                                T - +6 ring of evasion
                                E - ring of the Mage {Wiz MR++ Int+3}

@: regenerating
A: antennae 3, molten scales 3, cold resistance 1, deformed body, fire
resistance 1, foul stench 2, passive freeze, spiny 2, no device heal 1, rot
immunity, freezing cloud immunity, subdued magic 1
a: Berserk, Trog's Hand, Brothers in Arms, Burn Spellbooks, Renounce Religion
}: 4/15 runes: decaying, silver, abyssal, gossamer


You were on level 1 of the Realm of Zot.
You worshipped Trog.
Trog was exalted by your worship.
You were not hungry.

You visited 8 branches of the dungeon, and saw 42 of its levels.
You visited the Abyss 3 times.
You also visited: Ice Cave.

You collected 5357 gold pieces.
You spent 2202 gold pieces at shops.

Inventory:

Hand Weapons
 a - the +8 great mace "Cergh" (weapon) {vamp, rElec rN+}
   (You found it on level 4 of the Dungeon)

   It inflicts no extra harm, but heals its wielder when it wounds a living foe.
   It insulates you from electricity.
   It protects you from negative energy.
 D - a +8 antimagic great mace
 O - the +10 great mace of Ymunieq {freeze, rPois rC+}
   (You found it on level 5 of the Vaults)

   It has been specially enchanted to freeze those struck by it, causing extra
   injury to most foes and up to half again as much damage against particularly
   susceptible opponents.
   It can also slow down cold-blooded creatures.
   It protects you from cold.
   It protects you from poison.
Armour
 f - the +2 pair of gloves of the Dolphin (worn) {*Contam rElec rF+ Str+7}
   (You bought it in a shop on level 3 of the Depths)

   It affects your strength (+7).
   It protects you from fire.
   It insulates you from electricity.
   It causes magical contamination when unequipped.
 o - a +0 cloak of cold resistance (worn)
 q - a +1 pair of boots of stealth (worn)
 Z - +9 gold dragon scales (worn)
Rods
 W - a +2 rod of shadows (10/10)
   (You found it on level 2 of the Depths)
Jewellery
 n - an uncursed ring of resist corrosion
 w - an uncursed ring of protection from magic
 y - the amulet of the Four Winds {rN+ MR+++ Clar}
   (You took it off a yaktaur captain on level 5 of the Vaults)

   [amulet of nothing]

   It protects you from negative energy.
   It affects your resistance to hostile enchantments.
   It protects you against confusion.
 E - the ring of the Mage (left hand) {Wiz MR++ Int+3}
   (You took it off a yaktaur captain on level 5 of the Vaults)

   [ring of wizardry]

   It improves your spell success rate.
   It affects your intelligence (+3).
   It affects your resistance to hostile enchantments.
 H - an uncursed amulet of regeneration
 K - an amulet of guardian spirit (around neck)
 P - an uncursed ring of positive energy
 T - a +6 ring of evasion (right hand)
Wands
 e - a wand of digging (13/24)
 l - a wand of teleportation (4/9)
 A - a wand of disintegration (23/24)
 I - a wand of heal wounds (5/9)
 N - a wand of teleportation (1/9)
Scrolls
 b - 4 scrolls of blinking
 h - a scroll of enchant armour
 j - 4 scrolls of summoning
 k - a scroll of magic mapping
 s - 4 scrolls of recharging
 t - 2 scrolls of identify
 u - 14 scrolls of remove curse
 F - 4 scrolls of fog
 L - a scroll of brand weapon
 R - 3 scrolls of fear
 S - 11 scrolls of teleportation
Potions
 m - 3 potions of haste
 r - 12 potions of flight
 x - 4 potions of cancellation
 z - 2 potions of cure mutation
 C - 3 potions of heal wounds
 M - 17 potions of curing
 Q - 7 potions of resistance
 Y - 8 potions of might
Miscellaneous
 J - a phial of floods
 U - a disc of storms
 V - 2 boxes of beasts
 X - a lamp of fire
Comestibles
 c - 29 bread rations
 d - a royal jelly
 g - 15 slices of pizza
 p - 7 meat rations
 B - 14 beef jerkies


   Skills:
 O Level 27 Fighting
 - Level 20.5 Maces & Flails
 + Level 20.1 Armour
 - Level 10.8 Dodging
 - Level 10.8 Evocations


You had 24 spell levels left.
You didn't know any spells.

Dungeon Overview and Level Annotations

Branches:
Dungeon (15/15)            Temple (0/1) D:4            Lair (6/6) D:11
  Swamp (4/4) Lair:2       Spider (4/4) Lair:2        Slime (0/5) Lair:5
    Orc (2/2) D:12            Elf (0/3) Orc:2        Vaults (5/5) D:14
  Crypt (0/3) Vaults:3     Depths (5/5) D:15            Zot (1/5) Depths:5

Altars:
Ashenzari
Fedhas
Hepliaklqana
Kikubaaqudgha
Nemelex Xobeh
Okawaru
Qazlal
Trog
Vehumet
Beogh
Jiyva

Shops:
D:8 *   D:10 }   D:14 *}   Orc:2 ([*:   Vaults:1 ?   Vaults:3 *::
Depths:2 }=}   Depths:3 [

Portals:
Hell: Depths:1 Depths:2 Depths:3 Depths:4 Depths:5
Abyss: Depths:1 Depths:4
Pandemonium: Depths:3
Ziggurat: Depths:4

Annotations:
D:9 Psyche
Lair:5 exclusion: oklob plant


Innate Abilities, Weirdness & Mutations

You have a pair of large antennae on your head. (SInv)
You are completely covered in molten scales. (AC +4, rF+)
Your flesh is cold resistant. (rC+)
You frequently emit foul miasma when damaged in melee.
A frigid envelope surrounds you and freezes all who hurt you.
You are mostly covered in sharp spines.
You are immune to rotting.
You are immune to freezing clouds.
Armour fits poorly on your strangely shaped body.
Your flesh is heat resistant. (rF+)
Potions and wands are less effective at restoring your health.
Your spells are a little easier to cast, but a little less powerful.


Message History

You closely miss the ancient lich.
The ancient lich is severely damaged.
The yellow draconian monk is no longer berserk.
You hear a roar!
You hear a distant "Zot"!
The ancient lich gestures at you while chanting.
The crystal spear hits you!
* * * LOW HITPOINT WARNING * * *
You are too injured to fight recklessly!
You are too injured to fight recklessly!
You are too injured to fight recklessly!
You hear a roar!
The ancient lich points at you and mumbles some strange words.
The crystal spear hits you!
* * * LOW HITPOINT WARNING * * *
Your skin crawls.
You feel resistant to hostile enchantments.
You feel somewhat more hungry.
The ancient lich points at you and mumbles some strange words.
The crystal spear hits you!
You die...

.##.# , { #[# *
..#.# ###.... ,
{#.#, * *
..#.#,*,#.#..{q
* #.# * , *
....# {*.'.{{{
,, #.#, , *
.####, * #.Ddq{
* #.# *, .# *,
*,#yDqd{{{ ##.#
,* .# ,* *
dp{{{###.##, .#
*, , ##L###..##
* * .#
*#...@.### ,* ,
.# **, #######
* .# , ,{ * *
.. * * * * * *
, .. * * ,
**,,* , , .. *
** , ,, * * * ,
* * ,


You could see a Killer Klown, a golden dragon (berserk), an ancient lich, a
green draconian (berserk) and a moth of wrath.

Vanquished Creatures
  Mennas (Vaults:5)
  A juggernaut (Depths:4)
  2 orbs of fire (Zot:1)
  The ghost of Naow the Executioner, a veteran FoFi of Okawaru (Depths:2)
  Bai Suzhen (Vaults:4)
  Saint Roka (Orc:2)
  Nikola (Swamp:1)
  3 golden dragons
  A profane servitor (Abyss:4)
  3 bone dragons
  Jory (Vaults:3)
  Arachne (Spider:3)
  3 liches
  6 tentacled monstrosities
  Asterion (Vaults:1)
  A quicksilver dragon (Vaults:5)
  5 acid blobs (Depths:4)
  2 Executioners
  5 sphinxes
  A death cob (Zot:1)
  7 titans
  Frances (D:14)
  11 tentacled starspawn
  2 thorn hunters
  5 tengu reavers
  10 shadow dragons
  6 azure jellies (Depths:4)
  Kirke (Lair:5)
  A nagaraja (Abyss:3)
  10 storm dragons
  4 iron dragons
  12 frost giants
  16 fire giants
  6 emperor scorpions
  A draconian zealot (Depths:5)
  2 orc warlords (Depths:3)
  Aizul (Swamp:1)
  A deep elf elementalist (Vaults:5)
  5 ghost moths
  An angel (Abyss:4)
  2 spriggan defenders
  A draconian shifter (Depths:5)
  16 vault wardens
  16 ironheart preservers
  A reaper (IceCv)
  18 stone giants
  17 very ugly things
  3 green draconians (Depths:5)
  3 war gargoyles
  A stone giant (shapeshifter) (Vaults:5)
  4 deep elf demonologists
  An entropy weaver (Vaults:2)
  A lorocyproca (Abyss:3)
  5 deep elf annihilators
  3 vampire knights
  2 yellow draconians (Depths:5)
  The ghost of MirrMurr the Unseen, a journeyman SpEn of Ashenzari (Spider:3)
  2 white draconians
  9 spark wasps
  A mottled draconian (Depths:5)
  A red draconian (Depths:5)
  A merfolk javelineer (Abyss:3)
  11 ettins
  A blizzard demon (Abyss:2)
  An eidolon (Vaults:3)
  Snorg (Lair:3)
  2 deep elf death magi
  The ghost of Gargoyl the Envoy of Void, a journeyman DsAK of Lugonu (D:12)
  2 minotaurs (Depths:3)
  3 deep elf high priests
  9 fire dragons
  A naga warrior (Depths:3)
  20 yaktaur captains
  6 great orbs of eyes
  15 starcursed masses
  27 hydras
  3 rakshasas
  11 ice dragons
  3 spriggan air magi
  27 vault guards
  The ghost of AAAAA the Martial Artist, a journeyman OpWr of Gozag (D:11)
  Erica (D:8)
  3 ghost crabs
  9 alligators
  5 death knights
  11 centaur warriors
  14 deep troll earth magi
  15 deep troll shamans
  2 tengu warriors
  18 ogre magi
  Urug (Lair:3)
  2 orc high priests
  A titan zombie (D:15)
  2 vampire magi
  3 spriggan berserkers
  11 thrashing horrors
  5 deep elf knights
  A sun demon (Abyss:1)
  12 hell knights
  9 wretched stars
  A fire crab (Swamp:4)
  Nergalle (Lair:1)
  17 large abominations
  2 salamander mystics (Depths:3)
  3 shadow wraiths
  6 skeletal warriors
  A sea snake (shapeshifter) (Vaults:3)
  4 iron trolls
  2 death drakes (shapeshifter)
  A swamp dragon (shapeshifter) (Vaults:5)
  46 deep trolls
  3 spatial maelstroms
  A deep troll (shapeshifter) (D:14)
  12 swamp dragons
  2 shadow demons
  A golden dragon zombie (Depths:1)
  4 flayed ghosts
  An unseen horror (D:10)
  4 hill giants
  8 deep elf archers
  3 spriggan druids
  11 phantasmal warriors
  A shambling mangrove (Swamp:4)
  The ghost of Braschwitzo the Cudgeler, a novice NaWr of Cheibriados (D:7)
  5 glowing orange brains
  2 lindwurms (Swamp:4)
  11 ironbrand convokers
  A hill giant (shapeshifter) (Vaults:1)
  5 wizards
  A harpy (shapeshifter) (Depths:2)
  6 necromancers
  A sphinx zombie (Depths:3)
  5 harpies (Vaults:2)
  22 orc knights
  A wolf spider zombie (D:13)
  9 orc sorcerers
  A shining eye (Abyss:4)
  28 wolf spiders
  47 deep elf magi
  52 ugly things
  24 orb spiders
  6 cyclopes
  2 manticores
  A salamander (Abyss:2)
  A stone giant skeleton (Depths:1)
  A frost giant zombie (Depths:1)
  5 moths of wrath
  3 worldbinders
  12 elephants
  2 guardian serpents
  7 black mambas
  Joseph (D:8)
  An eye of devastation (Abyss:1)
  17 vault sentinels
  2 naga magi
  2 ice statues (IceCv)
  An apocalypse crab (Abyss:3)
  An elf skeleton (Depths:3)
  3 spriggan zombies
  11 smoke demons
  3 torpor snails
  A spiny frog (shapeshifter) (Vaults:5)
  20 spiny frogs
  8 freezing wraiths
  5 efreet
  58 yaktaurs
  A rime drake (Lair:6)
  A rime drake (shapeshifter) (Vaults:2)
  3 komodo dragons
  7 ancient zymes
  14 demonic crawlers
  A spark wasp simulacrum (Depths:3)
  2 hellwings (Abyss:5)
  4 tengu conjurers
  8 ice devils
  34 jumping spiders
  A jumping spider (shapeshifter) (Depths:1)
  4 trolls
  2 tyrant leeches
  A sphinx simulacrum (Vaults:4)
  7 polar bears
  29 hornets
  A merfolk (shapeshifter) (Depths:2)
  6 raiju
  21 two-headed ogres
  A two-headed ogre (shapeshifter) (Vaults:4)
  33 slime creatures
  9 hippogriffs
  19 blink frogs
  A bog body (Swamp:2)
  A hippogriff (shapeshifter) (Depths:4)
  A deep troll skeleton (Depths:1)
  2 meliai zombies (D:13)
  20 spriggans
  3 shadows
  2 spriggans (shapeshifter)
  28 tarantellas
  4 wraiths
  91 redbacks
  A water elemental (D:13)
  20 yaks
  9 air elementals
  A vampire (Depths:3)
  3 wyverns
  4 ynoxinuls
  3 hogs (Lair:5)
  A fire bat (Abyss:3)
  An elf simulacrum (Depths:3)
  4 basilisks
  4 chaos spawn
  2 golden eyes (Abyss:3)
  A human (shapeshifter) (Vaults:3)
  A neqoxec (Abyss:3)
  A hungry ghost (D:12)
  3 steam dragons
  16 vampire mosquitoes
  A human zombie (D:15)
  An insubstantial wisp (Abyss:2)
  A naga (Abyss:2)
  14 swamp worms
  7 wargs
  A spatial vortex (Abyss:2)
  Edmund (D:4)
  7 mottled dragons
  3 hell hounds (Abyss:5)
  17 water moccasins
  A tengu skeleton (D:15)
  A floating eye (Depths:2)
  11 porcupines
  41 orc warriors
  7 swamp drakes
  10 ice beasts
  6 sky beasts
  3 black bears
  A swamp dragon zombie (Abyss:3)
  4 eyes of draining
  The ghost of Kloppie the Skirmisher, an amateur DsBe of Trog (D:3)
  A manticore zombie (Abyss:2)
  45 ogres
  33 wolves
  A necrophage (D:14)
  4 phantoms
  24 boggarts
  14 centaurs
  4 big kobolds
  13 crocodiles
  21 bullfrogs
  2 gnoll sergeants
  An earth elemental (Abyss:3)
  A wyvern skeleton (D:7)
  A glowing shapeshifter simulacrum (Depths:1)
  4 scorpions
  A human simulacrum (Vaults:2)
  4 killer bees (D:12)
  A wight (Abyss:2)
  10 electric eels
  4 howler monkeys
  A lava snake (Swamp:4)
  9 crimson imps
  A bullfrog zombie (D:5)
  6 quasits
  7 hounds
  7 jellies
  A wyvern simulacrum (D:14)
  25 orc priests
  A bullfrog skeleton (D:6)
  7 iguanas
  An iguana (shapeshifter) (D:14)
  5 centaur skeletons
  12 small abominations
  15 orc wizards
  9 worker ants
  A killer bee zombie (D:9)
  A hound skeleton (D:10)
  8 gnolls
  7 adders
  6 shadow imps
  13 white imps
  An ooze (Depths:4)
  12 ufetubi
  4 worms
  A dart slug (D:2)
  4 leopard geckos
  80 orcs
  7 bats
  6 giant cockroaches
  5 goblins
  8 hobgoblins
  6 jackals
  16 kobolds
  5 quokkas
  A ball python (D:2)
  A leopard gecko skeleton (D:8)
  A quokka zombie (D:6)
  12 rats
  2 briar patches (Swamp:3)
  A fire vortex (Swamp:4)
  A fungus (Lair:6)
  2 lurking horrors
  A plant (D:11)
  A starspawn tentacle (Abyss:4)
2140 creatures vanquished.

Vanquished Creatures (collateral kills)
  An orc knight (Vaults:2)
  An orc warrior (Vaults:3)
  An orc priest (Vaults:3)
  2 orcs (Vaults:2)
5 creatures vanquished.

Vanquished Creatures (others)
  A tengu reaver (Vaults:5)
  An ogre mage (Vaults:3)
  An iron troll (Depths:3)
  A komodo dragon (Swamp:1)
  An ancient zyme (Abyss:2)
  2 jumping spiders (Spider:4)
  A bog body (Swamp:1)
  A shadow (Abyss:2)
  A tarantella (Spider:1)
  A neqoxec (Abyss:2)
  A large abomination (Abyss:2)
  A mottled dragon (Swamp:4)
  3 ogres
  3 boggarts
  A spiny frog skeleton (Abyss:2)
  A small abomination (Abyss:2)
  A crimson imp (D:14)
  A white imp (IceCv)
  5 ufetubi
  2 orcs (Vaults:2)
  9 briar patches (Swamp:3)
  21 bushes (Depths:1)
  A crawling corpse (Vaults:5)
  5 fungi (Lair:5)
  A lurking horror (Abyss:1)
  4 plants (Lair:5)
  25 starspawn tentacles
96 creatures vanquished.

Grand Total: 2241 creatures vanquished

Notes
Turn   | Place    | Note
-------+----------+-------------------------------------------
     0 | D:1      | Kloppie the Demonspawn Berserker began the quest for the Orb.
     0 | D:1      | Reached XP level 1. HP: 18/18 MP: 1/1
   263 | D:1      | Gained mutation: You are partially covered in sharp spines. [demonic ancestry]
   263 | D:1      | Reached XP level 2. HP: 23/24 MP: 2/2
  1235 | D:2      | Reached XP level 3. HP: 24/30 MP: 3/3
  1271 | D:2      | Found a faded altar of an unknown god.
  1660 | D:3      | Noticed Kloppie's ghost (amateur DsBe)
  1672 | D:3      | Killed Kloppie's ghost
  1672 | D:3      | Reached skill level 4 in Fighting
  1672 | D:3      | Gained mutation: You are partially covered in molten scales. (AC +2) [demonic ancestry]
  1672 | D:3      | Reached XP level 4. HP: 20/38 MP: 4/4
  1857 | D:3      | Reached XP level 5. HP: 18/43 MP: 5/5
  2090 | D:3      | Reached skill level 5 in Fighting
  2295 | D:3      | Noticed a centaur
  2301 | D:3      | Killed a centaur
  2301 | D:3      | Reached ** piety under Trog
  2301 | D:3      | Gained mutation: You are mostly covered in molten scales. (AC +3) [demonic ancestry]
  2301 | D:3      | Reached XP level 6. HP: 47/51 MP: 6/6
  2343 | D:3      | Reached skill level 5 in Maces & Flails
  2671 | D:4      | Found a bloodstained altar of Trog.
  2688 | D:4      | Noticed Edmund
  2702 | D:4      | Killed Edmund
  2702 | D:4      | Reached skill level 6 in Fighting
  2702 | D:4      | Gained mutation: You are immune to rotting. [demonic ancestry]
  2702 | D:4      | Reached XP level 7. HP: 58/58 MP: 7/7
  3018 | D:4      | Got a scorched great mace
  3219 | D:4      | Found a staircase to the Ecumenical Temple.
  3689 | D:5      | Entered Level 5 of the Dungeon
  3697 | D:5      | Got a jewelled plate armour
  4268 | D:5      | Reached skill level 7 in Fighting
  4374 | D:5      | Reached XP level 8. HP: 52/67 MP: 8/8
  4380 | D:5      | Found a sparkling altar of Nemelex Xobeh.
  4381 | D:5      | Found an iron altar of Okawaru.
  4382 | D:5      | Found a radiant altar of Vehumet.
  4925 | D:6      | Reached *** piety under Trog
  4925 | D:6      | Reached skill level 8 in Fighting
  5686 | D:6      | Identified the +8 plate armour of Creativity {rElec rF+ rC+ Str+4} (You found it on level 5 of the Dungeon)
  5919 | D:7      | Noticed Braschwitzo's ghost (novice NaWr)
  5955 | D:7      | Killed Braschwitzo's ghost
  5955 | D:7      | Gained mutation: You may emit foul miasma when damaged in melee. [demonic ancestry]
  5955 | D:7      | Reached XP level 9. HP: 73/74 MP: 9/9
  6178 | D:8      | Noticed Joseph
  6190 | D:8      | Killed Joseph
  6193 | D:8      | Reached skill level 5 in Armour
  6339 | D:8      | Noticed Erica
  6358 | D:8      | Killed Erica
  6433 | D:8      | Found Zekioc's General Store.
  6441 | D:8      | Bought a potion of heal wounds for 80 gold pieces
  6441 | D:8      | Bought a scroll of enchant weapon for 120 gold pieces
  6489 | D:8      | Reached XP level 10. HP: 71/80 MP: 10/10
  6825 | D:9      | Reached **** piety under Trog
  6825 | D:9      | Reached skill level 10 in Maces & Flails
  7082 | D:9      | Identified the +8 great mace "Cergh" {vamp, rElec rN+} (You found it on level 4 of the Dungeon)
  7159 | D:9      | Noticed Psyche
  7214 | D:10     | Entered Level 10 of the Dungeon
  7717 | D:10     | Reached ***** piety under Trog
  7762 | D:10     | Killed an unseen horror
  8026 | D:10     | Found Eskudaabi's Gadget Shop.
  8168 | D:11     | Noticed a cyan ugly thing
  8168 | D:11     | Noticed AAAAA's ghost (journeyman OpWr)
  8177 | D:11     | Killed AAAAA's ghost
  8182 | D:11     | Killed a cyan ugly thing
  8182 | D:11     | Reached XP level 11. HP: 86/86 MP: 11/11
  8260 | D:11     | Found a staircase to the Lair.
  8355 | D:11     | Noticed a red ugly thing
  8371 | D:11     | Killed a red ugly thing
  8900 | Lair:1   | Entered Level 1 of the Lair of Beasts
  9081 | Lair:1   | Noticed Nergalle
  9092 | Lair:1   | Killed Nergalle
  9213 | Lair:1   | Reached skill level 9 in Fighting
 10001 | Lair:2   | Received a gift from Trog
 10121 | Lair:2   | Found a staircase to the Swamp.
 10166 | Lair:2   | Reached skill level 10 in Fighting
 10237 | Lair:2   | Found a hole to the Spider Nest.
 10237 | Lair:2   | Noticed an orb spider
 10534 | Lair:3   | Noticed Urug
 10547 | Lair:3   | Killed Urug
 10547 | Lair:3   | Reached XP level 12. HP: 99/99 MP: 12/12
 10581 | Lair:3   | Noticed Snorg
 10616 | Lair:3   | Killed Snorg
 10783 | Lair:3   | Reached skill level 11 in Fighting
 11089 | Lair:4   | Noticed a six-headed hydra
 11110 | Lair:4   | Killed a six-headed hydra
 12124 | Lair:5   | Reached skill level 12 in Fighting
 12319 | Lair:5   | Found a stormy altar of Qazlal.
 12437 | Lair:5   | Noticed Kirke
 12457 | Lair:5   | Killed Kirke
 12499 | Lair:5   | Received a gift from Trog
 12505 | Lair:5   | Reached XP level 13. HP: 72/109 MP: 13/13
 12736 | Lair:5   | Reached skill level 13 in Fighting
 12938 | Lair:5   | Found a staircase to the Slime Pits.
 13757 | D:12     | Found a staircase to the Orcish Mines.
 13872 | D:12     | Noticed Gargoyl's ghost (journeyman DsAK)
 13923 | D:12     | Killed Gargoyl's ghost
 14104 | D:12     | Found a blossoming altar of Fedhas.
 14608 | D:13     | Reached skill level 15 in Maces & Flails
 14642 | D:13     | Reached skill level 14 in Fighting
 14919 | D:13     | Reached ****** piety under Trog
 15197 | D:13     | Found an ancient bone altar of Kikubaaqudgha.
 15399 | D:14     | Found Pomit's General Store.
 15647 | D:14     | Found a hazy altar of Hepliaklqana.
 15714 | D:14     | Noticed Frances
 15721 | D:14     | Killed Frances
 15744 | D:14     | Found Xaufuga's Quality Used Wands.
 15795 | D:14     | Bought a wand of heal wounds (0/9) for 288 gold pieces
 15831 | D:14     | Gained mutation: You have a pair of small antennae on your head. [demonic ancestry]
 15831 | D:14     | Reached XP level 14. HP: 121/121 MP: 14/14
 15878 | D:14     | Found a frozen archway.
 15885 | IceCv    | Entered an ice cave
 15898 | IceCv    | Received a gift from Trog
 16060 | IceCv    | Noticed a reaper
 16075 | IceCv    | Killed a reaper
 16533 | D:14     | Reached skill level 15 in Fighting
 16549 | D:14     | Found a gate to the Vaults.
 16681 | Orc:1    | Entered Level 1 of the Orcish Mines
 16707 | Orc:2    | Entered Level 2 of the Orcish Mines
 16732 | Orc:2    | Found a staircase to the Elven Halls.
 17012 | Orc:2    | Noticed Saint Roka
 17172 | Orc:2    | Gained mutation: You passively map a small area around you. [a neqoxec]
 17174 | Orc:2    | Gained mutation: Your spells are a little easier to cast, but a little less powerful. [a neqoxec]
 17175 | Orc:2    | Received a gift from Trog
 17193 | Orc:2    | Killed Saint Roka
 17432 | Orc:2    | Found a roughly hewn altar of Beogh.
 17445 | Orc:2    | Found Soomi's General Store.
 17461 | Orc:2    | Found Megab's Antique Weapon Boutique.
 17487 | Orc:2    | Bought a potion of degeneration for 17 gold pieces
 17511 | Orc:2    | Found Ulaek's Book Boutique.
 17596 | Orc:2    | Found Biydeic's Antique Armour Boutique.
 18924 | Lair:6   | Entered Level 6 of the Lair of Beasts
 19040 | Lair:6   | Reached skill level 16 in Fighting
 19073 | Lair:6   | Identified a scroll of acquirement
 19074 | Lair:6   | Got an encrusted cloak
 19085 | Lair:6   | Identified the +0 cloak "Bawkag" {-Tele *Contam rN+++ Int+9} (You acquired it on level 6 of the Lair of Beasts)
 19245 | Lair:6   | Received a gift from Trog
 19299 | Lair:6   | Reached XP level 15. HP: 131/131 MP: 15/15
 19585 | Lair:6   | Gained mutation: Your mind is acute. (Int +2) [potion of beneficial mutation]
 19586 | Lair:6   | Gained mutation: Your flesh is heat resistant. (rF+) [potion of beneficial mutation]
 19857 | Swamp:1  | Entered Level 1 of the Swamp
 20195 | Swamp:1  | Noticed Nikola
 20195 | Swamp:1  | Noticed Aizul
 20209 | Swamp:1  | Killed Aizul
 20214 | Swamp:1  | Killed Nikola
 20644 | Swamp:2  | Received a gift from Trog
 20682 | Swamp:2  | Reached skill level 17 in Fighting
 21218 | Swamp:3  | Noticed a thorn hunter
 21231 | Swamp:3  | Killed a thorn hunter
 21897 | Swamp:4  | Entered Level 4 of the Swamp
 22135 | Swamp:4  | Gained mutation: You have a pair of antennae on your head. [demonic ancestry]
 22135 | Swamp:4  | Reached XP level 16. HP: 143/143 MP: 16/16
 22180 | Swamp:4  | Received a gift from Trog
 22291 | Swamp:4  | Reached skill level 18 in Fighting
 22320 | Swamp:4  | Noticed a thorn hunter
 22333 | Swamp:4  | Killed a thorn hunter
 22766 | Swamp:4  | Got a decaying rune of Zot
 23142 | D:15     | Entered Level 15 of the Dungeon
 23978 | D:15     | Found a staircase to the Depths.
 24739 | D:14     | Received a gift from Trog
 24814 | Vaults:1 | Entered Level 1 of the Vaults
 25028 | Vaults:1 | Reached skill level 19 in Fighting
 25046 | Vaults:1 | Noticed Asterion
 25056 | Vaults:1 | Killed Asterion
 25087 | Vaults:1 | Noticed a tentacled monstrosity
 25090 | Vaults:1 | Noticed a sphinx
 25118 | Vaults:1 | Killed a sphinx
 25118 | Vaults:1 | Gained mutation: You have a pair of large antennae on your head. (SInv) [demonic ancestry]
 25118 | Vaults:1 | Reached XP level 17. HP: 122/153 MP: 17/17
 25129 | Vaults:1 | Cast into level 2 of the Abyss (a deep elf demonologist)
 25129 | Abyss:2  | Found a corrupted altar of Lugonu.
 25173 | Abyss:2  | Found a sacrificial altar of Ru.
 25418 | Abyss:2  | Received a gift from Trog
 25667 | Vaults:1 | Escaped the Abyss
 25932 | Vaults:1 | Found Cobb's Magic Scroll Shop.
 25940 | Vaults:1 | Bought a scroll of identify for 24 gold pieces
 26054 | Vaults:1 | Received a gift from Trog
 26387 | Vaults:1 | Reached skill level 20 in Fighting
 26708 | Spider:1 | Entered Level 1 of the Spider Nest
 27844 | Spider:2 | Gained mutation: You are mostly covered in sharp spines. [demonic ancestry]
 27844 | Spider:2 | Reached XP level 18. HP: 156/162 MP: 15/18
 27908 | Spider:2 | Received a gift from Trog
 28142 | Spider:3 | Reached skill level 10 in Armour
 28276 | Spider:3 | Noticed Arachne
 28294 | Spider:3 | Killed Arachne
 28301 | Spider:3 | Got a steaming chain mail
 28302 | Spider:3 | Identified the +4 chain mail "Welleif" {Str+3 Int+4} (You found it on level 3 of the Spider Nest)
 28369 | Spider:3 | Noticed MirrMurr's ghost (journeyman SpEn)
 28380 | Spider:3 | Killed MirrMurr's ghost
 28595 | Spider:3 | Received a gift from Trog
 28734 | Spider:4 | Entered Level 4 of the Spider Nest
 30583 | Spider:4 | Received a gift from Trog
 30751 | Spider:4 | Reached skill level 5 in Dodging
 31288 | Spider:4 | Got a gossamer rune of Zot
 31855 | Vaults:2 | Gained mutation: You frequently emit foul miasma when damaged in melee. [demonic ancestry]
 31855 | Vaults:2 | Reached XP level 19. HP: 169/169 MP: 19/19
 32312 | Vaults:2 | Received a gift from Trog
 33311 | Vaults:3 | Found Koemmisk's Assorted Antiques.
 33318 | Vaults:3 | Bought a brightly glowing copper ring for 180 gold pieces
 33318 | Vaults:3 | Bought a scroll of identify for 72 gold pieces
 33318 | Vaults:3 | Bought a scroll of identify for 72 gold pieces
 33318 | Vaults:3 | Bought a potion of might for 144 gold pieces
 33318 | Vaults:3 | Identified the ring of Xom's Entertainment {+Fly rPois rC+} (You bought it in a shop on level 3 of the Vaults)
 33330 | Vaults:3 | Noticed a lich
 33345 | Vaults:3 | Killed a lich
 33857 | Vaults:3 | Found a staircase to the Crypt.
 33962 | Vaults:3 | Got a shimmering plate armour
 33981 | Vaults:3 | Noticed Jory
 34002 | Vaults:3 | Killed Jory
 34034 | Vaults:3 | Received a gift from Trog
 34143 | Vaults:3 | Identified the +6 plate armour of Fuq Oheh {MR+ Dex+3} (You found it on level 3 of the Vaults)
 34336 | Vaults:3 | Found Yciunux's Book Shoppe.
 34638 | Vaults:3 | Reached skill level 10 in Dodging
 34750 | Vaults:3 | Found Voxary's Book Shoppe.
 34940 | Vaults:3 | Received a gift from Trog
 35476 | Vaults:3 | Gained mutation: You are completely covered in molten scales. (AC +4, rF+) [demonic ancestry]
 35476 | Vaults:3 | Reached XP level 20. HP: 176/176 MP: 20/20
 35661 | Vaults:4 | Reached skill level 1 in Evocations
 36047 | Vaults:4 | Received a gift from Trog
 36183 | Vaults:4 | Reached skill level 15 in Armour
 36591 | Vaults:4 | Reached skill level 5 in Evocations
 36690 | Vaults:4 | Received a gift from Trog
 37349 | D:14     | Gained mutation: Potions and wands are less effective at restoring your health. [mutagenic glow]
 37422 | Depths:1 | Entered Level 1 of the Depths
 37462 | Depths:1 | Found a one-way gate to the infinite horrors of the Abyss.
 37499 | Depths:1 | Found a shattered altar of Ashenzari.
 37665 | Depths:1 | Received a gift from Trog
 38075 | Depths:1 | Received a gift from Trog
 38602 | Depths:1 | Found a gateway to Hell.
 38679 | Depths:1 | Got a faintly humming buckler
 38680 | Depths:1 | Identified the +2 buckler of the Bard {rC+ Int+2 Stlth+} (You acquired it on level 1 of the Depths)
 38715 | Depths:2 | Gained mutation: Your flesh is cold resistant. (rC+) [demonic ancestry]
 38715 | Depths:2 | Reached XP level 21. HP: 170/183 MP: 23/27
 38966 | Depths:2 | Noticed a golden dragon
 38976 | Depths:2 | Killed a golden dragon
 38997 | Depths:2 | Received a gift from Trog
 39021 | Depths:2 | Identified a +2 rod of shadows (10/10) (You found it on level 2 of the Depths)
 39088 | Depths:2 | Noticed a golden dragon
 39100 | Depths:2 | Killed a golden dragon
 39100 | Depths:2 | Reached skill level 10 in Evocations
 39446 | Depths:2 | Noticed Naow's ghost (veteran FoFi)
 39474 | Depths:2 | Killed Naow's ghost
 39625 | Depths:2 | Paralysed by a floating eye for 2 turns
 39636 | Depths:2 | Found Vidacoz's Gadget Shop.
 39653 | Depths:2 | Found Kerhiefy's Jewellery Shoppe.
 39654 | Depths:2 | Found Worastregg's Gadget Shop.
 39662 | Depths:2 | Bought an uncursed ring of protection from magic for 525 gold pieces
 40134 | Depths:3 | Received a gift from Trog
 40294 | Depths:3 | Paralysed by a vampire knight for 4 turns
 40347 | Depths:3 | Identified the Reference Book on Protection and Calling
 40445 | Depths:3 | Received a gift from Trog
 40491 | Depths:3 | Gained mutation: You are immune to freezing clouds. [demonic ancestry]
 40491 | Depths:3 | Reached XP level 22. HP: 67/192 MP: 8/30
 40635 | Depths:3 | Reached skill level 21 in Fighting
 40657 | Depths:3 | Got a jewelled plate armour
 40658 | Depths:3 | Identified the +0 plate armour of Paeh {MR+} (You took it off a spriggan on level 3 of the Depths)
 40785 | Depths:3 | Found a one-way gate leading to the halls of Pandemonium.
 41239 | Depths:3 | Found Femecau's Antique Armour Shoppe.
 41242 | Depths:3 | Bought a pair of bloodstained gloves for 323 gold pieces
 41242 | Depths:3 | Bought a runed cloak for 357 gold pieces
 41242 | Depths:3 | Identified the +2 pair of gloves of the Dolphin {*Contam rElec rF+ Str+7} (You bought it in a shop on level 3 of the Depths)
 41370 | Depths:4 | Received a gift from Trog
 41842 | Depths:4 | Noticed a juggernaut
 41856 | Depths:4 | Killed a juggernaut
 41932 | Depths:4 | Reached skill level 22 in Fighting
 41939 | Depths:4 | Found a viscous altar of Jiyva.
 42064 | Depths:4 | Found a gateway to a ziggurat.
 42225 | Depths:4 | Paralysed by a floating eye for 3 turns
 42428 | Depths:5 | Entered Level 5 of the Depths
 42508 | Depths:5 | Received a gift from Trog
 42617 | Depths:5 | Reached skill level 23 in Fighting
 42663 | Depths:5 | Reached XP level 23. HP: 123/206 MP: 13/31
 42830 | Depths:5 | Found a gate to the Realm of Zot.
 42927 | Depths:5 | Received a gift from Trog
 43772 | Vaults:5 | Entered Level 5 of the Vaults
 43782 | Vaults:5 | Reached skill level 24 in Fighting
 44071 | Vaults:4 | Received a gift from Trog
 44073 | Vaults:5 | Noticed Bai Suzhen
 44212 | Vaults:4 | Killed Bai Suzhen
 44723 | Vaults:5 | Reached skill level 25 in Fighting
 44737 | Vaults:5 | Cast into level 2 of the Abyss (a deep elf demonologist)
 44787 | Vaults:5 | Escaped the Abyss
 44826 | Vaults:5 | Received a gift from Trog
 44914 | Vaults:5 | Got a silver rune of Zot
 44929 | Vaults:5 | Noticed a caustic shrike
 44929 | Vaults:5 | an alligator snapping turtle changed into a caustic shrike
 44977 | Vaults:5 | Gained mutation: A frigid envelope surrounds you and freezes all who hurt you. [demonic ancestry]
 44977 | Vaults:5 | Reached XP level 24. HP: 210/221 MP: 28/31
 45151 | Vaults:5 | Got a crude wooden ring
 45171 | Vaults:5 | Got a warped great mace
 45172 | Vaults:5 | Identified the +10 great mace of Ymunieq {freeze, rPois rC+} (You found it on level 5 of the Vaults)
 45173 | Vaults:5 | Identified the ring "Ocvatsy" {+Inv MP+9} (You took it off a deep elf demonologist on level 5 of the Vaults)
 45446 | Vaults:5 | Reached skill level 26 in Fighting
 45661 | Vaults:5 | Noticed Mennas
 45676 | Vaults:5 | Killed Mennas
 46357 | Vaults:4 | Received a gift from Trog
 46550 | Depths:1 | Voluntarily entered the Abyss.
 47120 | Abyss:2  | Found a snail-covered altar of Cheibriados.
 47226 | Abyss:3  | Found a corrupted altar of Lugonu.
 47283 | Abyss:3  | Found a corrupted altar of Lugonu.
 47395 | Abyss:3  | Reached skill level 27 in Fighting
 47440 | Abyss:3  | Received a gift from Trog
 47448 | Abyss:3  | Paralysed by you for 4 turns
 47516 | Abyss:3  | Got an abyssal rune of Zot
 47631 | Abyss:4  | Found a corrupted altar of Lugonu.
 47833 | Abyss:4  | Received a gift from Trog
 47839 | Abyss:5  | Entered Level 5 of the Abyss
 47839 | Abyss:5  | Found a corrupted altar of Lugonu.
 47864 | Abyss:5  | Reached XP level 25. HP: 143/234 MP: 27/31
 48025 | Depths:1 | Escaped the Abyss
 48307 | Zot:1    | Entered Level 1 of the Realm of Zot
 48500 | Zot:1    | Noticed an orb of fire
 48500 | Zot:1    | Noticed an orb of fire
 48509 | Zot:1    | Noticed an ancient lich
 48510 | Zot:1    | Lost mutation: Your mind is acute. (Int +2) [an orb of fire]
 48511 | Zot:1    | Lost mutation: You passively map a small area around you. [an orb of fire]
 48513 | Zot:1    | Killed an orb of fire
 48520 | Zot:1    | Gained mutation: Armour fits poorly on your strangely shaped body. [an orb of fire]
 48524 | Zot:1    | Killed an orb of fire
 48534 | Zot:1    | HP: 8/234 [ancient lich/crystal spear (59)]
 48535 | Zot:1    | Killed from afar by an ancient lich

Skill      XL: |  1  2  3  4  5  6  7  8  9 10 11 12 13 14 15 16 17 18 19 20 21 22 23 24 25 |
---------------+----------------------------------------------------------------------------+-----
Maces & Flails | 3 4 5 6 8 9 11 12 14 15 16 17 19 20 | 20.5
Fighting       | 4 5 6 7 8 10 12 14 16 17 19 20 23 25 27 | 27.0
Armour         | 4 6 8 9 12 14 16 17 18 19 20 | 20.1
Dodging        | 6 10 | 10.8
Evocations     | 8 10 | 10.8

Action                   |  1- 3 |  4- 6 |  7- 9 | 10-12 | 13-15 | 16-18 | 19-21 | 22-24 | 25-27 || total
-------------------------+-------+-------+-------+-------+-------+-------+-------+-------+-------++-------
Melee: Mace              |    63 |    70 |       |       |       |       |       |       |       ||   133
       Flail             |       |       |   240 |   748 |   146 |       |       |       |       ||  1134
       Great mace        |       |       |       |       |  1026 |  1479 |  1721 |  1641 |   152 ||  6019
Invok: Berserk           |     2 |     3 |     4 |     6 |     7 |     2 |     4 |     1 |       ||    29
       Trog's Hand       |       |       |     2 |     3 |     2 |     4 |     3 |     3 |     1 ||    18
       Brothers in Arms  |       |       |       |       |       |     1 |     2 |       |       ||     3
Evoke: Wand              |       |       |       |       |       |     1 |       |       |       ||     1
  Use: Scroll            |       |       |     8 |    15 |    14 |     7 |    18 |    16 |       ||    78
       Potion            |       |       |       |       |     2 |       |     4 |     1 |       ||     7
 Stab: Sleeping          |     3 |       |       |       |       |       |       |       |       ||     3
       Confused          |       |       |       |       |     2 |     1 |       |       |       ||     3
       Distracted        |       |       |       |       |       |       |     1 |     2 |     1 ||     4
  Eat: Chunk             |     3 |     2 |    11 |    23 |    33 |    17 |    28 |    12 |       ||   129
       Meat ration       |       |     1 |     1 |     1 |     2 |     4 |     1 |     4 |       ||    14
       Royal jelly       |       |       |       |       |     1 |     1 |       |       |       ||     2
Armor: Animal skin       |     1 |       |       |       |       |       |       |       |       ||     1
       Leather armour    |    13 |    22 |     7 |       |       |       |       |       |       ||    42
       Ring mail         |       |       |    59 |       |       |       |       |       |       ||    59
       Plate armour      |       |       |    81 |   484 |   792 |  1157 |   609 |       |       ||  3123
       Gold dragon scale |       |       |       |       |       |       |   342 |  1224 |    81 ||  1647
Dodge: Dodged            |    31 |    42 |    83 |   358 |   992 |  1138 |  1423 |  1267 |    86 ||  5420
